 Dungeon Crawl Stone Soup version 0.14-a0-2100-g3cf34dd (webtiles) character file.

497864 Charos2 the Impregnable (level 27, -13/199 HPs)
             Began as a Formicid Monk on Dec 16, 2013.
             Was the Champion of Makhleb.
             Killed from afar by an electric golem (31 damage)
             ... with a bolt of lightning
             ... on Level 5 of the Realm of Zot on Jan 26, 2014.
             The game lasted 08:57:25 (68884 turns).

Charos2 the Impregnable (Formicid Monk)            Turns: 68884, Time: 08:57:25

HP -13/199       AC 41     Str 30      XL: 27
MP  38/38        EV  5     Int  6 (7)  God: Makhleb [******]
Gold 1758        SH 49     Dex 11      Spells:  3 memorised, 21 levels left

rFire  + + +     SeeInvis +     a - +7,+9 great mace (freeze)
rCold  + . .     Clarity  .     n - +4 gold dragon armour
rNeg   + . .     Conserve .     T - -1 large shield
rPois  +         rCorr    +     (helmet unavailable)
rElec  .         rRot     .     j - +4 dragonskin cloak
SustAb . .       Spirit   .     J - +1 pair of gloves
rMut   +         Warding  .     G - +1 pair of elf boots {run}
Saprov . . .     Stasis   +     l - amulet of resist mutation
MR     +++..                    D - ring of protection from fire
                                e - ring of poison resistance

@: quick, extremely resistant to hostile enchantments, extremely unstealthy
A: permanent stasis, dig shafts and tunnels, four strong arms, poison weakness,
antennae 3, hooves 1, carnivore 1, clumsy 1, deterioration 1, dopey 1, magic
resistance 1, shaggy fur 1, exoskeleton 1
a: Dig, Shaft Self, Minor Destruction, Lesser Servant of Makhleb, Major
Destruction, Greater Servant of Makhleb, Renounce Religion
}: 3/15 runes: decaying, abyssal, gossamer


You were on level 5 of the Realm of Zot.
You worshipped Makhleb.
Makhleb was exalted by your worship.
You were not hungry.

You visited 10 branches of the dungeon, and saw 55 of its levels.
You visited the Abyss 1 time.
You also visited: Labyrinth, Ossuary and Volcano.

You collected 6074 gold pieces.
You spent 4316 gold pieces at shops.

Inventory:

Hand weapons
 a - a +7,+9 great mace of freezing (weapon)
 g - the +11,+3 great mace of the Hand {crush, Contam +Blink rElec rPois Stlth}
   (You bought it in a shop on level 4 of the Dungeon)

   It inflicts extra damage upon your enemies.
   It insulates you from electricity.
   It protects you from poison.
   It lets you blink.
   It causes magical contamination when unequipped.
   It makes you more stealthy.
 x - a +1,+2 demon trident of electrocution
Missiles
 Q - 3 large rocks (quivered)
Armour
 j - the +4 dragonskin cloak (worn)
   (You took it off Tiamat on level 2 of the Realm of Zot)
 n - a +4 gold dragon armour (worn)
 o - a +1 cloak of magic resistance
 G - a +1 pair of elven boots of running (worn)
 J - a +1 pair of gloves (worn)
 T - a -1 large shield (worn)
Magical devices
 b - a wand of disintegration (15)
 f - a wand of digging (11)
 h - a wand of draining (5)
 k - a wand of fireball (3)
 t - a wand of teleportation (3)
 y - a wand of digging (15)
 A - a wand of draining (8)
 E - a wand of fire (8)
 F - a wand of hasting (6)
 N - a wand of cold (5)
 Y - a wand of heal wounds (8)
Comestibles
 C - 7 meat rations
 R - 4 bread rations
Scrolls
 c - a scroll of remove curse
Jewellery
 e - a ring of poison resistance (left hand)
 l - an amulet of resist mutation (around neck)
 m - an uncursed ring of flight
 q - a ring of the Octopus King {rC+ AC+1 EV+1 Str+1 Dex+1 Int+1}
   (You found it on level 2 of the Vaults)

   [ring of protection from cold]

   It affects your AC (+1).
   It affects your evasion (+1).
   It affects your strength (+1).
   It affects your intelligence (+1).
   It affects your dexterity (+1).
 s - an uncursed ring of protection from cold
 D - a ring of protection from fire (right hand)
 K - an uncursed ring of protection from magic
 P - an uncursed amulet of guardian spirit
Potions
 p - 5 potions of curing
 r - a potion of restore abilities
 u - a potion of agility
 I - a potion of flight
Miscellaneous
 i - a lamp of fire
 v - a legendary deck of summonings {the Pentagram}
 w - a fan of gales
 S - a fan of gales
 U - a lamp of fire
Rods
 d - a +4 rod of fiery destruction (13/13)
   (You acquired it on level 2 of the Lair of Beasts)


   Skills:
 + Level 19.3 Fighting
 - Level 20.4 Maces & Flails
   Level 2.1 Bows
 + Level 21.5 Armour
 - Level 3.2 Dodging
 - Level 3.4 Stealth
 * Level 21.2 Shields
 - Level 4.0 Unarmed Combat
 - Level 3.1 Charms
 - Level 1.0 Air Magic
 - Level 14.0 Invocations
 - Level 10.0 Evocations


You had 21 spell levels left.
You knew the following spells:

 Your Spells              Type           Power        Failure   Level  Hunger
a - Apportation           Tloc           #.........   100%        1    ##.....
b - Swiftness             Chrm/Air       #.......     100%        2    ###....
c - Repel Missiles        Chrm/Air       #.........   100%        2    ###....


Dungeon Overview and Level Annotations

Branches:
Dungeon (16/16)            Temple (1/1) D:6             Orc (4/4) D:10
    Elf (0/3) Orc:3          Lair (8/8) D:9           Swamp (5/5) Lair:5
 Spider (5/5) Lair:6        Slime (0/6) Lair:8       Vaults (4/5) D:14
  Blade (1/1) Vaults:3        Zot (5/5) Depths:6     Depths (6/6) D:16
  Crypt: Vaults:2-3  Forest: Vaults:2-3

Altars:
Cheibriados
Elyvilon
Fedhas
Kikubaaqudgha
Makhleb
Nemelex Xobeh
Okawaru
Sif Muna
Trog
Vehumet
Xom
Yredelemnul
Zin
The Shining One
Beogh
Jiyva

Shops:
D:4 (   D:6 =   D:10 ?   D:15 !   Orc:1 *   Orc:4 (*}*   Vaults:1 (
Vaults:4 ***:   Depths:5 ?   Depths:6 /!?%:

Portals:
Hell: Depths:1 Depths:2 Depths:3 Depths:4 Depths:5 Depths:6
Abyss: Depths:4
Pandemonium: Depths:1 Depths:3

Annotations:
D:3 Khlestharos' ghost, average HEFE
D:6 exclusion: oklob plant


Innate Abilities, Weirdness & Mutations

Your are under a permanent stasis effect.
You can dig through walls and to a lower floor.
Your four strong arms can wield any weapon, most with a shield.
You are susceptible to poison.
You have a pair of large antennae on your head (SInv).
Your body is surrounded by an exoskeleton. (AC +1)
You have large cloven feet.
Your digestive system is specialised to digest meat.
You are clumsy. (Dex -2)
Your body is slowly deteriorating.
You are dopey. (Int -2)
You are resistant to hostile enchantments.
You are covered in fur (AC +1).


Message History

The electric golem hits you but does no damage.
The electric golem hits you.
The electric golem hits you but does no damage.
Your orange demon barely misses the electric golem.
Use which ability? (? or * to list)
A demon appears!
You feel somewhat more hungry. The electric golem hits you.
The electric golem shocks you!
* * * LOW HITPOINT WARNING * * *
The electric golem hits you but does no damage.
You block the electric golem's attack.
The electric golem hits you but does no damage.
The electric golem hits you!
* * * LOW HITPOINT WARNING * * *
The electric golem shocks you!
* * * LOW HITPOINT WARNING * * *
You block the electric golem's attack.
The electric golem hits you but does no damage.
The electric golem throws lightning at you.
The bolt of lightning hits you!
You die...

.....(......# ##.....
.......).......# #.....
................# ##.....
.................# #......
............^.....# ##......
..........4........###.......
...§......^.......###...#####
#.§§........82...##....##
#§§.......8@....^...###
▓▓§....##▓#▓#▓▓▓▓▓▓▓#
▓.......{.......
▓......8.........
................
................
........8.....( .............
...........


You could see 2 electric golems, a friendly green death and a friendly orange
demon.

Vanquished Creatures
  An orb of fire (Zot:5)
  Tiamat (Zot:2)
  An ancient lich (Zot:5)
  Saint Roka (Orc:4)
  Boris (Vaults:4)
  4 golden dragons
  A Killer Klown (Zot:5)
  Frederick (Depths:4)
  3 bone dragons
  8 Orb Guardians (Zot:5)
  8 tentacled monstrosities
  A titan (Depths:1)
  A quicksilver dragon (Depths:3)
  A sphinx (Vaults:1)
  3 liches
  3 storm dragons
  Frances (Spider:5)
  A shadow dragon (Zot:5)
  7 fire giants
  3 tengu reavers (Vaults:4)
  Donald (Orc:4)
  7 ghost moths
  7 vault wardens
  11 frost giants
  3 draconian scorchers
  Aizul (Spider:2)
  3 emperor scorpions (Spider:5)
  A tentacled starspawn (Abyss:2)
  A draconian zealot (Zot:4)
  A balrug (Abyss:2)
  An orc warlord (Orc:3)
  A reaper (Depths:3)
  17 stone giants
  3 vampire knights (Depths:4)
  A draconian caller (Depths:6)
  A grey draconian (Zot:5)
  A deep elf demonologist (Depths:6)
  2 yellow draconians
  2 elemental wellsprings
  3 black draconians
  A purple draconian (Zot:2)
  2 pale draconians
  A deep elf annihilator (Depths:1)
  A green death (Vaults:4)
  2 red draconians
  3 white draconians
  A mottled draconian (Depths:6)
  6 dire elephants (Lair:8)
  A merfolk impaler (Depths:1)
  A minotaur (Lab)
  10 vault guards
  9 fire dragons
  15 yaktaur captains
  3 great orbs of eyes
  15 ettins
  A death cob (Zot:4)
  4 ironheart preservers
  18 ogre magi
  32 hydras
  A ravenous item mimic (Depths:4)
  10 ice dragons
  2 anacondas
  A ravenous feature mimic (Vaults:3)
  A salamander (shapeshifter) (Depths:3)
  Erica (Orc:2)
  14 deep troll earth magi
  6 death yaks
  17 deep troll shamans
  8 alligators
  7 tengu warriors
  4 rakshasas
  20 dancing weapons
  15 very ugly things
  2 wretched stars (Abyss:2)
  26 centaur warriors
  3 naga warriors (Depths:3)
  Urug (Orc:1)
  2 thrashing horrors (Abyss:2)
  15 hell knights
  2 sun demons (Depths:1)
  A fire crab (shapeshifter) (Depths:1)
  Nergalle (Lair:3)
  A soul eater (Depths:5)
  An iron golem (Vaults:1)
  5 fire crabs
  2 skeletal warriors (D:16)
  11 shadow wraiths
  An iron troll (Depths:3)
  23 deep trolls
  3 flayed ghosts (Depths:4)
  A spatial maelstrom (Abyss:2)
  A wizard (Depths:2)
  5 large abominations (Abyss:2)
  5 unseen horrors
  A giant orange brain (Vaults:1)
  8 swamp dragons
  Erolcha (D:12)
  5 harpies (Vaults:2)
  7 orc knights
  Pikel (D:9)
  A crystal golem (Vaults:3)
  6 red wasps
  2 orc sorcerers
  13 hill giants
  A hellion (Abyss:2)
  3 giant amoebae
  Joseph (D:12)
  2 harpies (shapeshifter)
  7 necromancers
  2 wolf spider zombies
  12 ironbrand convokers
  A hill giant (shapeshifter) (Depths:6)
  A flaming corpse (Abyss:1)
  2 phantasmal warriors
  6 griffons
  34 wolf spiders
  8 moths of wrath
  4 spiny worms
  59 slime creatures
  A fire giant skeleton (D:16)
  2 draconians (shapeshifter)
  A sixfirhy (Depths:3)
  10 cyclopes
  4 elephants (Lair:8)
  3 black mambas
  A queen ant (Lair:2)
  2 black mambas (shapeshifter)
  13 spiny frogs
  An item mimic (Volcano)
  A spiny frog (shapeshifter) (Vaults:4)
  A swamp worm zombie (Swamp:2)
  6 vault sentinels
  Psyche (D:11)
  A purple draconian zombie (Abyss:1)
  12 demonic crawlers
  A mermaid (shapeshifter) (Vaults:2)
  6 naga magi
  5 raiju (Abyss:2)
  4 fire drakes
  6 trolls
  19 orb spiders
  An ancient zyme (Abyss:2)
  A blue devil (Depths:3)
  3 tengu conjurers
  A queen bee (D:11)
  A hydra zombie (Swamp:2)
  An efreet (Volcano)
  8 giant leeches
  7 komodo dragons
  A spriggan (shapeshifter) (Depths:3)
  2 polar bears (shapeshifter)
  A formicid venom mage (Spider:4)
  2 hellwings (Depths:5)
  63 yaktaurs
  17 blink frogs
  13 boulder beetles
  21 jumping spiders
  2 hydra skeletons
  8 bog bodies
  2 iron devils
  A trapdoor spider zombie (D:14)
  A fire vortex (Volcano)
  7 ravens (Depths:4)
  A griffon zombie (D:14)
  2 ettin zombies
  A frost giant simulacrum (Vaults:2)
  34 two-headed ogres
  2 boulder beetles (shapeshifter)
  2 basilisks
  35 redbacks
  A trapdoor spider (shapeshifter) (Depths:2)
  2 ravens (shapeshifter)
  9 shadows
  20 trapdoor spiders
  112 ugly things
  3 starcursed masses (Abyss:2)
  20 water elementals
  2 formicids
  2 grizzly bears (Lair:5)
  28 tarantellas
  A yak (shapeshifter) (Vaults:1)
  4 wyverns
  A steam dragon (Lair:5)
  10 sharks
  10 fire bats
  3 wraiths
  2 ynoxinuls
  2 elephant slugs
  A hippogriff (shapeshifter) (Vaults:1)
  3 merfolk (Depths:1)
  40 vampire mosquitoes
  2 deep elf magi
  A hill giant zombie (D:13)
  An ugly thing skeleton (D:16)
  3 clay golems
  A golden eye (shapeshifter) (Vaults:2)
  A chaos spawn (Abyss:1)
  5 deep elf fighters
  A vampire (Vaults:3)
  2 spatial vortices (Abyss:2)
  33 yaks
  A fire elemental (Volcano)
  12 hippogriffs
  51 swamp worms
  3 hungry ghosts
  4 wolves
  16 soldier ants (Lair:2)
  17 swamp drakes
  2 necrophages
  A gargoyle (Vaults:1)
  4 porcupines
  A manticore (shapeshifter) (D:14)
  3 manticores
  A mottled dragon (D:14)
  3 ice beasts
  8 small abominations
  3 yellow wasps
  14 phantoms
  A wandering mushroom (Lair:3)
  4 freezing wraiths
  33 centaurs
  3 human zombies
  3 slaves (D:9)
  25 orc warriors
  2 black bears
  4 sky beasts
  62 ogres
  11 giant goldfish
  7 tengu
  11 crocodiles
  10 nagas
  5 wargs
  2 blink frog skeletons
  A boring beetle (Spider:3)
  A warg (shapeshifter) (Depths:2)
  4 big kobolds
  5 brain worms
  4 lava worms (Depths:5)
  A rotting devil (Depths:3)
  12 water moccasins
  2 yaktaur zombies (Depths:5)
  7 giant slugs
  A glowing shapeshifter simulacrum (Vaults:3)
  A yaktaur skeleton (D:15)
  16 insubstantial wisps
  12 agate snails
  25 giant frogs
  A manticore skeleton (D:9)
  2 gnoll sergeants
  44 killer bees
  3 eyes of draining (D:10)
  A hippogriff zombie (D:8)
  A wyvern skeleton (D:9)
  14 lava fish
  A troll zombie (D:8)
  A hippogriff skeleton (D:9)
  18 jellyfish
  16 wights
  11 electric eels
  4 lava snakes
  A troll skeleton (D:12)
  13 crimson imps
  6 hounds
  20 spiders
  6 goliath beetles
  6 jellies
  26 orc priests
  8 scorpions
  2 quasits
  A giant slug simulacrum (Vaults:1)
  A two-headed ogre skeleton (D:12)
  9 big fish
  36 orc wizards
  14 iguanas
  49 worker ants
  16 sheep
  A crocodile zombie (Swamp:2)
  An ogre zombie (Vaults:3)
  2 mottled dragon skeletons
  A mottled dragon zombie (D:9)
  5 big kobold zombies (Ossuary)
  A sky beast zombie (D:12)
  A big kobold skeleton (D:7)
  6 boggarts
  3 mummies
  A hound skeleton (D:6)
  2 worker ant zombies
  12 gnolls
  21 adders
  65 green rats
  A lemure (Lair:2)
  3 giant mites
  22 worms
  An ufetubus (Abyss:2)
  An iguana skeleton (D:8)
  8 giant eyeballs
  9 giant geckos
  12 oozes
  205 orcs
  4 spectral bats (Ossuary)
  19 bats
  A bat zombie (D:5)
  5 giant cockroaches
  7 gnoll zombies (Ossuary)
  26 goblins
  13 hobgoblins
  25 kobolds
  3 ball pythons
  A bat simulacrum (Ossuary)
  7 giant newts
  3 giant spores
  3 goblin simulacra (Ossuary)
  4 goblin zombies
  A hobgoblin skeleton (D:5)
  2 hobgoblin zombies (Ossuary)
  8 illusory rakshasas (Depths:2)
  27 jackals
  4 kobold simulacra (Ossuary)
  12 kobold zombies
  3 orc zombies
  16 quokkas
  25 rats
  3 rat simulacra (Ossuary)
  A spectral goblin (Ossuary)
  2 spectral kobolds (Ossuary)
  5 spectral rats (Ossuary)
  18 ballistomycetes
  A bush (Lair:2)
  2 plants (Lair:8)
2705 creatures vanquished.

Vanquished Creatures (collateral kills)
  Jory (Depths:4)
  The ghost of Faustar the Executioner, a mighty MiBe of Trog (Vaults:3)
  A tengu reaver (Depths:3)
  A shadow dragon (Zot:4)
  A vault warden (Vaults:4)
  2 white draconians
  A vampire knight (Depths:4)
  A fire dragon (Vaults:3)
  A great orb of eyes (Vaults:1)
  2 ice dragons
  A hydra (Swamp:4)
  An iron troll (Depths:3)
  An ironbrand convoker (Vaults:1)
  A deep troll (Vaults:3)
  2 orc knights (Vaults:1)
  A vault sentinel (Vaults:4)
  A spiny frog (Swamp:4)
  A two-headed ogre (Vaults:3)
  A giant leech (Swamp:4)
  2 ravens (Depths:4)
  An ugly thing (Vaults:3)
  An orc warrior (Vaults:1)
  2 centaurs (Depths:1)
  An ogre (Vaults:3)
  An orc (Orc:4)
  An orc zombie (Orc:4)
31 creatures vanquished.

Vanquished Creatures (others)
  Mara (Vaults:3)
  An Executioner (Zot:2)
  A balrug (Vaults:3)
  An elemental wellspring (Depths:6)
  4 blizzard demons
  A green death (Depths:6)
  A great orb of eyes (shapeshifter) (Vaults:2)
  A yaktaur (Depths:1)
  4 air elementals
  4 fire elementals
  A tarantella (Spider:5)
  An ogre (Vaults:2)
  A centaur (Vaults:2)
  4 orcs
  A bat (D:6)
  4 giant spores
  A ballistomycete (D:14)
  8 fungi
  19 plants
  2 starspawn tentacles (Abyss:2)
61 creatures vanquished.

Grand Total: 2797 creatures vanquished

Notes
Turn   | Place    | Note
--------------------------------------------------------------
     0 | D:1      | Charos2, the Formicid Monk, began the quest for the Orb.
     0 | D:1      | Reached XP level 1. HP: 19/19 MP: 1/1
   140 | D:1      | Reached skill level 1 in Armour
   145 | D:1      | Reached XP level 2. HP: 22/24 MP: 2/2
   378 | D:1      | Reached XP level 3. HP: 24/28 MP: 3/3
   595 | D:1      | zammy: montako tällästä peliä tulee mielee missä ei ois rottia
   598 | D:1      | Charos2: jaa-a
   598 | D:1      | Charos2: uus tile on rotalla
   923 | D:1      | zammy: nuija kouraa vaa
   923 | D:1      | Charos2: se on ihan paska ase... parempaa vaurii tekee ilman, kunnes saa hieman taitoa
  1051 | D:1      | Reached XP level 4. HP: 33/33 MP: 4/4
  1223 | D:2      | Charos2: katos se ring oli poison res
  1241 | D:2      | Found a basalt altar of Yredelemnul.
  1242 | D:2      | You fall through a shaft!
  1243 | D:3      | Charos2: jee shaft
  1322 | D:3      | Noticed Khlestharos' ghost (average HEFE)
  1908 | D:3      | Reached skill level 1 in Maces & Flails
  1993 | D:3      | Reached XP level 5. HP: 35/37 MP: 5/5
  2055 | D:3      | Charos2: jaa-a ites tekis.
  2057 | D:3      | You fall through a shaft for 2 floors!
  2057 | D:5      | Entered Level 5 of the Dungeon
  2224 | D:5      | Gained mutation: You are frail (-10% HP). [potion of mutation]
  2224 | D:5      | Gained mutation: You evolve. [potion of mutation]
  2224 | D:5      | Gained mutation: Your natural rate of healing is unusually fast. [potion of mutation]
  2263 | D:5      | Charos2: jaa-a nyt on jo -30% hp
  2494 | D:4      | Found Goikh's Antique Weapon Shop.
  2507 | D:5      | Reached XP level 6. HP: 26/39 MP: 6/6
  2605 | D:4      | Charos2: pitää toivoa et evolve poistaa sen jossain vaiheessa
  2605 | D:4      | zammy: joitko tuuripullon?
  2605 | D:4      | Charos2: jep
  2605 | D:4      | Charos2: noh .. testi pelihän tämä
  2605 | D:4      | Charos2: ois kyllä kivat aseet kaupassa
  2605 | D:4      | Charos2: joutu jo kerran pakenemaan kun tuli lvl 3 vastaan läjä vihaisia amppareita
  2637 | D:4      | Gained mutation: Your mind is acute. (Int +2) [evolution]
  2637 | D:4      | zammy: joo ne on aika kuolettavia
  2645 | D:4      | Charos2: vaikka miulla onkin pres
  2645 | D:4      | Charos2: poison res
  2901 | D:4      | Found a snail-covered altar of Cheibriados.
  2909 | D:4      | Charos2: ottaskos jumalan
  2909 | D:4      | Charos2: sit ei pääsis karkuun enää mitenkään :)
  2909 | D:4      | Charos2: mut saisi statit kohdalleen
  2909 | D:4      | Charos2: no on step from time sit jossain vaiheessa
  2909 | D:4      | zammy: joo ei tälle cheitä kannata
  2909 | D:4      | zammy: nyt sentää voi kävellä pois
  2909 | D:4      | Charos2: mikähän jumala tälle ois hyvä?
  3050 | D:4      | Reached skill level 1 in Evocations
  3082 | D:4      | Found a sparkling altar of Nemelex Xobeh.
  3611 | D:3      | Found a glowing golden altar of the Shining One.
  3819 | D:3      | Reached XP level 7. HP: 37/43 MP: 8/8
  3941 | D:5      | Found a deep blue altar of Sif Muna.
  4182 | D:5      | Noticed a sky beast
  4199 | D:4      | Killed a sky beast
  4199 | D:4      | Reached XP level 8. HP: 15/48 MP: 11/11
  4646 | D:6      | Reached skill level 5 in Fighting
  4771 | D:6      | Reached skill level 5 in Maces & Flails
  4820 | D:6      | Noticed an oklob plant
  4889 | D:6      | Reached skill level 5 in Armour
  4900 | D:6      | Found Ocuniliu's Jewellery Emporium.
  4995 | D:6      | Found a burning altar of Makhleb.
  5015 | D:6      | Reached XP level 9. HP: 41/52 MP: 12/14
  5048 | D:6      | Became a worshipper of Makhleb the Destroyer
  5048 | D:6      | Acquired Makhleb's first power
  5048 | D:6      | Acquired Makhleb's second power
  5095 | D:6      | Reached skill level 1 in Invocations
  5173 | D:6      | Found a staircase to the Ecumenical Temple.
  5183 | Temple   | Entered the Ecumenical Temple
  5504 | D:6      | Reached skill level 6 in Maces & Flails
  6023 | D:7      | Gained mutation: You have a slow metabolism. [evolution]
  6138 | D:6      | zammy: näköjä mahkleb
  6138 | D:6      | zammy: zin ois ollu aika kova varmaa
  6138 | D:6      | zammy: sillä ois päässy myrkyistä eroon
  6138 | D:6      | zammy: toisaalta sulla on jo rpois
  6145 | D:7      | Reached skill level 7 in Maces & Flails
  6237 | D:6      | Charos2: otin ekan järkevän mikä löytyi
  6300 | D:7      | Acquired Makhleb's third power
  6343 | D:7      | Reached XP level 10. HP: 18/58 MP: 17/17
  6635 | D:4      | Bought an ichor-stained great mace for 253 gold pieces
  6636 | D:4      | Identified the +11,+3 great mace of the Hand {crush, Contam +Blink rElec rPois Stlth} (You bought it in a shop on level 4 of the Dungeon)
  6908 | D:8      | Found a sand-covered staircase.
  6913 | Ossuary  | Entered an ossuary
  6978 | Ossuary  | Acquired Makhleb's fourth power
  7432 | D:8      | Reached skill level 8 in Maces & Flails
  7506 | D:8      | Found a white marble altar of Elyvilon.
  7719 | D:8      | Acquired Makhleb's fifth power
  7748 | D:8      | Found a bloodstained altar of Trog.
  7751 | D:8      | Reached skill level 5 in Invocations
  7982 | D:8      | Identified Thyr's Handbook of Malediction
  8353 | D:9      | Reached skill level 9 in Maces & Flails
  8429 | D:9      | Noticed Pikel
  8444 | D:9      | Killed Pikel
  8444 | D:9      | Reached XP level 11. HP: 64/64 MP: 16/20
  8457 | D:9      | Noticed a centaur warrior
  8466 | D:9      | zammy: etkö päähahmollapelaa
  8467 | D:9      | Charos2: no aattelin tätä vähän
  8477 | D:9      | Killed a centaur warrior
  8481 | D:9      | Noticed a five-headed hydra
  8487 | D:9      | Killed a five-headed hydra
  8487 | D:9      | Reached skill level 10 in Maces & Flails
  8602 | D:9      | zammy: kilpi puuttuu
  8603 | D:9      | Charos2: jep
  8603 | D:9      | Charos2: ei oo näkyny
  8646 | D:9      | Charos2: tuo frail on vähän paha mut muuten kivat
  8646 | D:9      | zammy: jep
  8708 | D:9      | Charos2: varmaan 10 jellyä on tullut
  8924 | D:9      | Noticed a hill giant
  8927 | D:9      | Killed a hill giant
  8936 | D:9      | Charos2: ihna kivasti lyö jo
  8945 | D:9      | zammy: kyllähän tollasella aseella
  9160 | D:9      | Charos2: guardian spirit on kiva
  9194 | D:9      | zammy: joo se on tosi hyödykäs näillälowhp roduille
  9196 | D:9      | Charos2: no onhan poison ressiä
  9203 | D:9      | Charos2: 3 source
  9204 | D:9      | Found a staircase to the Lair.
  9390 | Lair:1   | Entered Level 1 of the Lair of Beasts
  9391 | Lair:1   | zammy: ite ku formicidilla pelasin ni vaultista löyty eka rpois kama
  9391 | Lair:1   | Charos2: katos vulcano ja labyrinth
  9394 | Lair:1   | Charos2: ekana labyrinth
  9394 | Lair:1   | Charos2: toivottavasti menee
  9430 | Lair:1   | zammy: noi on kovii noi sammakot
  9434 | Lair:1   | zammy: harvoin on lair 1 niitä
  9434 | Lair:1   | Charos2: joo on aika pahoi
  9565 | Lair:1   | Found a labyrinth entrance.
  9582 | Lab      | Entered a labyrinth
 10386 | Lab      | Charos2: oishan tuota inventoria voinu tyhjentää
 10401 | Lab      | Noticed a minotaur
 10404 | Lab      | Killed a minotaur
 10404 | Lab      | Reached XP level 12. HP: 60/71 MP: 13/23
 10427 | Lab      | Got a crude scale mail
 10451 | Lab      | Identified the +2 scale mail "Dirucaja" {+Rage Dex+4 Acc-4} (You found it in a labyrinth)
 10472 | Lab      | Identified a +2 rod of striking (7/7) (You found it in a labyrinth)
 10474 | Lab      | Charos2: ei taida muilla tehdä mitään
 10474 | Lab      | Charos2: mikä ase toi cutlass on
 10496 | Lab      | Charos2: aa .. tää on hyvä sinne vulcanoon
 10498 | Lab      | Learned a level 1 spell: Apportation
 10501 | Lab      | Learned a level 2 spell: Swiftness
 10503 | Lair:1   | Charos2: pitäsköhän vetästä tuohon cloakkiin yks enchnatti... kuitenkin varmaan hetken tuota käyttää.. ei varmaan jos ei preservationii löydä paremppaa löydy
 10540 | Lair:1   | Found a dark tunnel.
 10543 | Lair:1   | Reached skill level 11 in Maces & Flails
 10565 | Volcano  | Entered a volcano
 10781 | Volcano  | Charos2: jaa--a mitähän täällä
 10781 | Volcano  | Charos2: vulcanot on joskus vaarallisia
 10781 | Volcano  | Charos2: jos on elöffei tässä vaiheessa on henki löysässä
 10852 | Volcano  | Found a radiant altar of Vehumet.
 10873 | Volcano  | Reached skill level 10 in Armour
 10916 | Volcano  | Identified the Almanac of Unholy Rites
 10922 | Volcano  | zammy: olikos mitää labyrintissä
 10922 | Volcano  | Charos2: kiva ase jos käyttäisi swordei
 10922 | Volcano  | Charos2: tää armori
 10922 | Volcano  | Charos2: hyvä tänne
 10922 | Volcano  | zammy: totta
 10922 | Volcano  | Charos2: rodi
 10922 | Volcano  | Charos2: ja cloakk
 10923 | Volcano  | zammy: ihan kiva lootti siis
 10933 | Volcano  | zammy: monesti ollu 0 hyödyllistä tavaraa
 11017 | Lair:1   | Charos2: jee
 11394 | Lair:1   | Charos2: vähän yksipuoleista on ringit
 11394 | Lair:1   | Charos2: joko wiz tai rpoison
 11402 | Lair:1   | Charos2: oho uus kuva
 11402 | Lair:1   | Charos2: aika siisti
 11582 | Lair:1   | Noticed a five-headed hydra
 11589 | Lair:1   | Killed a five-headed hydra
 12265 | Lair:2   | Charos2: jaa-a käyttäskö tätä haarniskaa vai perus platea
 12839 | Lair:2   | Identified Iprishue's Compendium of Stones
 12859 | Lair:2   | Reached skill level 12 in Maces & Flails
 12891 | Lair:2   | Reached XP level 13. HP: 76/76 MP: 12/26
 13135 | Lair:2   | Lost mutation: Your natural rate of healing is unusually fast. [evolution]
 13135 | Lair:2   | Lost mutation: You evolve. [end of evolution]
 13144 | Lair:2   | Charos2: perhana
 14117 | Lair:3   | Reached skill level 10 in Fighting
 14581 | Lair:3   | Noticed Nergalle
 14589 | Lair:3   | Killed Nergalle
 14589 | Lair:3   | Reached skill level 10 in Invocations
 14948 | Lair:4   | zammy: no nii
 14948 | Lair:4   | Charos2: jep
 14948 | Lair:4   | zammy: täähän alkaa kohta olla läpipeluukunnossa
 14948 | Lair:4   | Charos2: just just
 14948 | Lair:4   | Charos2: sit jos pelaa läpi harmittaa sikana kun se tulee tälle accountille
 15007 | Lair:4   | Gained mutation: You are covered in fur (AC +1). [potion of beneficial mutation]
 15008 | Lair:4   | Charos2: jee karvoja
 15047 | Lair:4   | Reached skill level 1 in Shields
 15123 | Lair:4   | zammy: rottien uus tile on kyl nuonompi
 15125 | Lair:4   | Charos2: joo ei ainakaan parantunut
 15126 | Lair:4   | Charos2: on se kolmiulotteisempi
 15131 | Lair:4   | zammy: tuntuu että koittavat liian hienoja tehä
 15143 | Lair:4   | zammy: oho
 15144 | Lair:4   | Got a bloodstained ice dragon armour
 15162 | Lair:4   | Identified the +7 ice dragon armour of Ybiom {rF- rC++ rN+} (You found it on level 4 of the Lair of Beasts)
 15163 | Lair:4   | zammy: tollasen ku saisit lavaorille
 15163 | Lair:4   | Charos2: niin
 15163 | Lair:4   | Charos2: tälle vähän vaarallinen
 15163 | Lair:4   | Charos2: pitää lähtee ostaa rF ringi
 15163 | Lair:4   | Charos2: sit tätä voi käytellä
 15163 | Lair:4   | Charos2: antaa tää niin hyvän ac:n
 15163 | Lair:4   | zammy: joo rf ei passaa olla miinuksilla
 15418 | D:6      | Bought an uncursed ring of protection from fire for 325 gold pieces
 15421 | D:6      | Charos2: no nyt
 15421 | D:6      | zammy: jaa tätä näyttöö muutettu
 15421 | D:6      | Charos2: joo niin on nuo resistit lukee eri tavalla
 15421 | D:6      | Charos2: on yhtenäistetty
 15683 | Lair:4   | Charos2: harmi kun se regeneraatio katosi
 15898 | Lair:5   | Reached skill level 13 in Maces & Flails
 16066 | Lair:5   | zammy: mahkleb toimii kyl kivasti
 16067 | Lair:5   | Charos2: jep ... kun oli se regen vielä niin autto kovasti
 16076 | Lair:5   | Charos2: aika paha paikka vaan taistella
 16076 | Lair:5   | zammy: joo
 16076 | Lair:5   | zammy: ja karkuun ei pääse
 16076 | Lair:5   | zammy: puhalla ne hittoon silla fanilla
 16076 | Lair:5   | Charos2: puita ei voi digata?
 16076 | Lair:5   | zammy: ei voi
 16076 | Lair:5   | Charos2: pitäskö tehdä shaft alas
 16076 | Lair:5   | zammy: käytä sitä fan of galesia eka
 16076 | Lair:5   | zammy: ni saat aikaa kaivaa
 16076 | Lair:5   | Charos2: jep
 16079 | Lair:5   | You fall through a shaft for 2 floors!
 16080 | Lair:7   | Charos2: katos 2 lvl mentiin
 16080 | Lair:7   | Charos2: tuo oli hyvä apu tuo fan
 16084 | Lair:7   | Noticed an eight-headed hydra
 16084 | Lair:7   | Charos2: just
 16091 | Lair:7   | Killed an eight-headed hydra
 16194 | Lair:6   | zammy: toi fan on tälle hyvä ku sillävoi ostaa vähän lisää aikaa
 16194 | Lair:6   | Charos2: totta
 16194 | Lair:6   | Charos2: pitää muistaa
 16194 | Lair:6   | Charos2: ei varmasti ollut ainut kerta kun tulee tollanen ongelma
 16194 | Lair:6   | zammy: samaten ihan kaikki millä voi summonaa kavereita
 16194 | Lair:6   | Charos2: ton swifnesiä vissiin voi käytellä tällä
 16194 | Lair:6   | zammy: nii kait
 16194 | Lair:6   | Charos2: jossain vaiheessa vois opetella loitsimaan sen... saisi vähän liikenopeutta tälle
 16194 | Lair:6   | zammy: sillo ei voinu ku ite pelasin
 16194 | Lair:6   | Charos2: ai
 16194 | Lair:6   | Charos2: anto opetella kuitenkin ainakin
 16194 | Lair:6   | Charos2: vai eikö se vaan toimi
 16194 | Lair:6   | Charos2: ei lue tuolla stasisksessa
 16194 | Lair:6   | zammy: kait se nykyää toimii
 16310 | Lair:6   | Reached XP level 14. HP: 83/83 MP: 27/27
 16355 | Lair:6   | Charos2: yleensä on onnellinen kun tuo löytyy
 16392 | Lair:6   | Reached skill level 5 in Shields
 16491 | Lair:5   | Found a staircase to the Swamp.
 16534 | Lair:5   | Charos2: swamp
 16534 | Lair:5   | Charos2: äh
 16534 | Lair:5   | Charos2: no se vaihtelee
 16534 | Lair:5   | Charos2: mut siellä helposti joutuu ympäröidyksi
 16550 | Lair:5   | zammy: niinpä
 17051 | Lair:5   | Charos2: repel missiles ois
 17051 | Lair:5   | zammy: sehän on aika kiva
 17051 | Lair:5   | Charos2: pitää vaan tätä shieldiä vielä hieman nostella
 17051 | Lair:5   | zammy: jaa-a jos sitä nukkumaan menis
 17051 | Lair:5   | zammy: kuuteen huomennaki töihin
 17051 | Lair:5   | Charos2: jooo... no mie yritän pysyä hengissä lairin loppuun
 17418 | Lair:6   | Found a hole to the Spider Nest.
 18469 | Lair:8   | Entered Level 8 of the Lair of Beasts
 18806 | Lair:8   | Found a staircase to the Slime Pits.
 18807 | Lair:8   | Found a viscous altar of Jiyva.
 19824 | Lair:8   | Noticed a dire elephant
 19839 | Lair:8   | Killed a dire elephant
 19872 | Lair:8   | Noticed a dire elephant
 19875 | Lair:8   | Noticed a dire elephant
 19882 | Lair:8   | Killed a dire elephant
 19882 | Lair:8   | Reached XP level 15. HP: 89/89 MP: 23/28
 19891 | Lair:8   | Killed a dire elephant
 20102 | Lair:8   | Noticed a dire elephant
 20102 | Lair:8   | Noticed a dire elephant
 20127 | Lair:8   | Killed a dire elephant
 20137 | Lair:8   | Killed a dire elephant
 20137 | Lair:8   | Reached skill level 14 in Maces & Flails
 20416 | Lair:8   | Noticed a dire elephant
 20431 | Lair:8   | Killed a dire elephant
 20789 | Lair:2   | Learned a level 2 spell: Repel Missiles
 21121 | Lair:2   | Upgraded the game from 0.14-a0-1519-gc5e2f7f to 0.14-a0-1761-gdbd231b
 21132 | Lair:2   | Identified a scroll of acquirement
 21163 | Lair:2   | Identified a +4 rod of fiery destruction (13/13) (You acquired it on level 2 of the Lair of Beasts)
 21478 | D:10     | Entered Level 10 of the Dungeon
 21552 | D:10     | Found Zajoh's Magic Scroll Shoppe.
 21572 | D:10     | Bought a scroll of acquirement for 676 gold pieces
 21578 | D:10     | Got a bloodstained cloak
 21582 | D:10     | Identified the +0 cloak "Pluon" {Str-3 Int+2} (You acquired it on level 10 of the Dungeon)
 21730 | D:10     | Found a staircase to the Orcish Mines.
 22557 | D:11     | Reached skill level 10 in Shields
 23224 | D:11     | Noticed Psyche
 23228 | D:11     | Killed Psyche
 23513 | D:12     | Identified a +1 pair of elven boots of running (You acquired it on level 12 of the Dungeon)
 23526 | D:12     | Noticed Joseph
 23526 | D:12     | Noticed Erolcha
 23805 | D:12     | Killed Erolcha
 23814 | D:12     | Killed Joseph
 24879 | D:13     | Reached XP level 16. HP: 94/94 MP: 23/29
 25718 | D:14     | Gained mutation: You are partially covered in rugged brown scales (AC +1, +3% HP). [potion of mutation]
 25718 | D:14     | Gained mutation: Your digestive system is specialised to digest meat. [potion of mutation]
 25718 | D:14     | Gained mutation: Your body is slowly deteriorating. [potion of mutation]
 25995 | D:14     | Found a gate to the Vaults.
 26943 | D:15     | Entered Level 15 of the Dungeon
 27017 | D:15     | Found Baol's Distillery.
 27031 | D:15     | Bought a potion of mutation for 57 gold pieces
 27032 | D:15     | Gained mutation: You can spit poison. [potion of mutation]
 27032 | D:15     | Gained mutation: You are clumsy. (Dex -2) [potion of mutation]
 27570 | D:16     | Entered Level 16 of the Dungeon
 28080 | D:16     | Found a staircase to the Depths.
 28856 | Lair:2   | Lost mutation: Your body is slowly deteriorating. [potion of mutation]
 28933 | Orc:1    | Entered Level 1 of the Orcish Mines
 28942 | Orc:1    | Found Plexab's Assorted Antiques.
 29379 | D:10     | Bought a scroll of acquirement for 676 gold pieces
 29450 | Orc:2    | Noticed Erica
 29461 | Orc:2    | Killed Erica
 29461 | Orc:2    | Reached skill level 15 in Maces & Flails
 29758 | Orc:2    | Noticed Urug
 29776 | Orc:1    | Killed Urug
 30546 | Orc:3    | Found a roughly hewn altar of Beogh.
 30585 | Orc:3    | Reached XP level 17. HP: 104/104 MP: 27/30
 30716 | Orc:3    | Found a staircase to the Elven Halls.
 31142 | Orc:4    | Entered Level 4 of the Orcish Mines
 31408 | Orc:4    | Noticed Saint Roka
 31429 | Orc:4    | Killed Saint Roka
 31429 | Orc:4    | Reached skill level 15 in Shields
 31629 | Orc:4    | Noticed Donald
 31640 | Orc:4    | Killed Donald
 32020 | Orc:4    | Found Uzits' General Store.
 32020 | Orc:4    | Found Iwuuq's Gadget Emporium.
 32021 | Orc:4    | Found Heihimiu's General Store.
 32021 | Orc:4    | Found Unih Osch's Antique Weapon Boutique.
 32061 | Orc:4    | Reached skill level 5 in Evocations
 32116 | Orc:4    | Bought a potion of mutation for 42 gold pieces
 32117 | Orc:4    | Gained mutation: You are resistant to hostile enchantments. [potion of mutation]
 32117 | Orc:4    | Gained mutation: Your body is slowly deteriorating. [potion of mutation]
 32119 | Orc:4    | Bought a scroll of identify for 28 gold pieces
 32687 | Lair:2   | Lost mutation: You have a slow metabolism. [mutagenic glow]
 32889 | Orc:4    | Bought a scroll of enchant weapon II for 77 gold pieces
 32889 | Orc:4    | Bought a scroll of enchant weapon I for 77 gold pieces
 32891 | Orc:4    | Bought a scroll of enchant weapon I for 77 gold pieces
 32891 | Orc:4    | Bought a scroll of enchant weapon I for 77 gold pieces
 33086 | Lair:2   | Lost mutation: Your mind is acute. (Int +2) [helix card]
 33095 | Lair:2   | Lost mutation: You can spit poison. [helix card]
 33249 | Swamp:1  | Entered Level 1 of the Swamp
 33385 | Swamp:1  | Reached skill level 1 in Charms
 34126 | Swamp:1  | Reached skill level 1 in Bows
 35269 | Swamp:2  | Got a polished leather armour
 35285 | Swamp:2  | Identified the +1 leather armour "Stiecicu" {rElec} (You found it on level 2 of the Swamp)
 35393 | Swamp:2  | Reached XP level 18. HP: 111/111 MP: 27/31
 37257 | Swamp:5  | Entered Level 5 of the Swamp
 37389 | Swamp:4  | HP: 4/111 [six-headed hydra (8)]
 39028 | Swamp:5  | Got a decaying rune of Zot
 39046 | Swamp:5  | Reached skill level 15 in Armour
 39453 | Lair:2   | Upgraded the game from 0.14-a0-1761-gdbd231b to 0.14-a0-1765-g49ce880
 39536 | D:10     | Bought a scroll of magic mapping for 45 gold pieces
 39788 | Spider:1 | Entered Level 1 of the Spider Nest
 40107 | Spider:1 | Lost mutation: You are partially covered in rugged brown scales (AC +1, +3% HP). [potion of mutation]
 40107 | Spider:1 | Lost mutation: You are frail (-10% HP). [potion of mutation]
 40107 | Spider:1 | Gained mutation: You have large cloven feet. [potion of mutation]
 40260 | Spider:1 | Reached skill level 1 in Air Magic
 40580 | Spider:2 | Noticed Aizul
 40603 | Spider:2 | Killed Aizul
 40959 | Spider:2 | Reached XP level 19. HP: 125/125 MP: 33/33
 42326 | D:15     | Bought a potion of heal wounds for 57 gold pieces
 42326 | D:15     | Bought a potion of might for 47 gold pieces
 42326 | D:15     | Bought a potion of curing for 38 gold pieces
 43062 | Spider:3 | Reached skill level 16 in Maces & Flails
 44299 | Spider:5 | Entered Level 5 of the Spider Nest
 45057 | Spider:5 | Noticed Frances
 45789 | Spider:5 | Killed Frances
 46148 | Spider:5 | Reached XP level 20. HP: 133/133 MP: 32/33
 46218 | Spider:5 | Got a gossamer rune of Zot
 46640 | Lair:2   | Gained mutation: You evolve. [mutagenic glow]
 47158 | Vaults:1 | Entered Level 1 of the Vaults
 47369 | Vaults:1 | Reached skill level 10 in Evocations
 47375 | Vaults:1 | Reached skill level 17 in Maces & Flails
 47701 | Vaults:1 | Lost mutation: You evolve. [end of evolution]
 48830 | Vaults:1 | Found Ekliymil's Weapon Emporium.
 50095 | Vaults:2 | Reached skill level 15 in Fighting
 50314 | Vaults:2 | Got a ring of the Octopus King
 50315 | Vaults:2 | Identified a ring of the Octopus King {rC+ AC+1 EV+1 Str+1 Dex+1 Int+1} (You found it on level 2 of the Vaults)
 50914 | Vaults:2 | Found a staircase to the Crypt.
 50914 | Vaults:2 | Found a basalt altar of Yredelemnul.
 50915 | Vaults:2 | Found an ancient bone altar of Kikubaaqudgha.
 50996 | Vaults:2 | Reached XP level 21. HP: 139/139 MP: 32/35
 51083 | Vaults:2 | Reached skill level 18 in Maces & Flails
 51740 | Vaults:2 | Upgraded the game from 0.14-a0-1765-g49ce880 to 0.14-a0-2100-g3cf34dd
 51840 | Vaults:3 | Noticed Faustar's ghost (mighty MiBe)
 51879 | Vaults:3 | Killed Faustar's ghost
 52391 | Vaults:3 | Found a staircase to the Hall of Blades.
 52467 | Blade    | Entered the Hall of Blades
 54609 | Vaults:3 | Noticed Mara
 54610 | Vaults:3 | Noticed Charos2's illusion
 54622 | Vaults:3 | Noticed Mara
 54622 | Vaults:3 | Noticed Mara
 54625 | Vaults:3 | Killed Mara
 54625 | Vaults:3 | Reached XP level 22. HP: 77/159 MP: 19/36
 55064 | Vaults:4 | Reached skill level 19 in Maces & Flails
 55408 | Vaults:4 | Noticed Boris
 55437 | Vaults:4 | Killed Boris
 55878 | Vaults:4 | Found Urghiopli's General Store.
 55889 | Vaults:4 | Bought a meat ration for 72 gold pieces
 55889 | Vaults:4 | Bought a potion of heal wounds for 54 gold pieces
 56145 | Vaults:4 | Found Wioma's General Store.
 56146 | Vaults:4 | Found Klunlyli's Book Emporium.
 56150 | Vaults:4 | Found Jasoubb's Assorted Antiques.
 56155 | Vaults:4 | Bought a potion of curing for 24 gold pieces
 56155 | Vaults:4 | Bought a potion of brilliance for 30 gold pieces
 56155 | Vaults:4 | Bought a scroll of identify for 24 gold pieces
 56164 | Vaults:4 | Bought a scroll of identify for 80 gold pieces
 56164 | Vaults:4 | Bought a gold wand for 800 gold pieces
 56564 | Depths:1 | Entered Level 1 of the Depths
 56729 | Depths:1 | Found a gateway to Hell.
 56859 | Depths:1 | Reached XP level 23. HP: 166/166 MP: 34/36
 57618 | Depths:1 | Found a one-way gate leading to the halls of Pandemonium.
 58950 | Depths:2 | Reached skill level 20 in Maces & Flails
 59185 | Depths:2 | Noticed a golden dragon
 59201 | Depths:2 | Killed a golden dragon
 59215 | Depths:2 | Reached XP level 24. HP: 175/175 MP: 35/37
 59789 | Depths:3 | Found a shimmering altar of Xom.
 59829 | Depths:3 | You fall through a shaft for 2 floors!
 61355 | Depths:3 | Reached XP level 25. HP: 148/181 MP: 31/37
 62403 | Depths:4 | Noticed Frederick
 62412 | Depths:4 | Killed Frederick
 63242 | Depths:5 | Found Nyacolyf's Magic Scroll Emporium.
 63251 | Depths:5 | Bought a scroll of identify for 48 gold pieces
 63251 | Depths:5 | Bought a scroll of remove curse for 72 gold pieces
 63251 | Depths:5 | Bought a scroll of enchant weapon II for 132 gold pieces
 63251 | Depths:5 | Bought a scroll of identify for 48 gold pieces
 63821 | Depths:6 | Entered Level 6 of the Depths
 63903 | Depths:6 | Found Ofideses' Magical Wand Shop.
 63903 | Depths:6 | Found Vostranu's Distillery.
 63910 | Depths:6 | Bought a potion of resistance for 126 gold pieces
 63910 | Depths:6 | Bought a potion of heal wounds for 54 gold pieces
 63910 | Depths:6 | Bought a potion of curing for 36 gold pieces
 64054 | Depths:6 | Found Ocrag's Book Shoppe.
 64144 | Depths:6 | Found Heinuc's Food Boutique.
 64241 | Depths:6 | Found Icouc's Magic Scroll Shop.
 64267 | Depths:6 | Bought a scroll of enchant armour for 82 gold pieces
 64267 | Depths:6 | Bought a scroll of enchant weapon II for 82 gold pieces
 64656 | Depths:6 | Found a gate to the Realm of Zot.
 65039 | Depths:4 | Reached XP level 26. HP: 190/190 MP: 36/38
 65357 | Depths:4 | Found a one-way gate to the infinite horrors of the Abyss.
 65373 | Depths:4 | Noticed Jory
 65385 | Depths:4 | Killed Jory
 65464 | Depths:4 | Voluntarily entered the Abyss.
 66426 | Abyss:3  | Got an abyssal rune of Zot
 66456 | Depths:4 | Escaped the Abyss
 66962 | Zot:1    | Entered Level 1 of the Realm of Zot
 67764 | Zot:3    | Noticed Tiamat
 67776 | Zot:2    | Reached skill level 21 in Armour
 67822 | Zot:2    | Killed Tiamat
 68355 | Zot:5    | Entered Level 5 of the Realm of Zot
 68361 | Zot:5    | Reached XP level 27. HP: 192/198 MP: 5/38
 68622 | Zot:5    | Noticed an orb of fire
 68637 | Zot:5    | Gained mutation: You are dopey. (Int -2) [an orb of fire]
 68642 | Zot:5    | Killed an orb of fire
 68645 | Zot:5    | Noticed an ancient lich
 68655 | Zot:5    | Killed an ancient lich
 68884 | Zot:5    | Killed from afar by an electric golem

Action                   |  1- 3 |  4- 6 |  7- 9 | 10-12 | 13-15 | 16-18 | 19-21 | 22-24 | 25-27 || total
-------------------------+-------+-------+-------+-------+-------+-------+-------+-------+-------++-------
Melee: Unarmed           |   127 |    18 |       |       |       |       |       |       |       ||   145
       Mace              |       |   160 |       |       |       |       |       |       |       ||   160
       Flail             |       |    39 |   382 |    12 |       |       |       |       |       ||   433
       Great mace        |       |       |       |   624 |  1392 |  1948 |  1455 |  1327 |  1093 ||  7839
Throw: Tomahawk          |       |    26 |    25 |    19 |       |       |       |       |       ||    70
       Dart              |       |       |     3 |     6 |    18 |       |       |       |       ||    27
       Large rock        |       |       |       |       |       |    33 |    20 |       |     5 ||    58
Invok: Minor Destruction |       |       |     1 |       |       |       |    22 |       |       ||    23
       Major Destruction |       |       |       |     3 |     7 |    15 |    21 |     1 |     8 ||    55
       Greater Servant o |       |       |       |       |       |     1 |     4 |     2 |     8 ||    15
       Lesser Servant of |       |       |       |       |       |       |       |       |     1 ||     1
 Abil: Shaft Self        |       |     1 |       |       |     1 |       |       |       |       ||     2
       Dig               |       |       |     4 |     3 |     5 |       |       |       |       ||    12
Evoke: Wand              |       |     5 |    11 |    12 |     5 |    12 |     2 |     2 |     7 ||    56
       Fan of gales      |       |       |       |       |     2 |     2 |       |     2 |       ||     6
       Deck              |       |       |       |       |       |     9 |       |       |       ||     9
       Lamp of fire      |       |       |       |       |       |     3 |     3 |     3 |     1 ||    10
  Use: Potion            |     1 |     3 |     3 |     3 |     3 |    19 |     9 |     6 |    10 ||    57
       Scroll            |       |     6 |     5 |    12 |    21 |    32 |    14 |     7 |    10 ||   107
 Stab: Sleeping          |     3 |       |       |       |     1 |       |       |       |       ||     4
       Confused          |       |       |       |       |       |     1 |       |       |       ||     1
       Invisible         |       |       |       |       |       |       |     1 |       |     2 ||     3
       Distracted        |       |       |       |       |       |       |     2 |     1 |     3 ||     6
